 Dungeon Crawl Stone Soup version 0.18.1-48-g4cf74bf (webtiles) character file.

799 Implojin the Cleaver (level 7, -2/57 HPs)
             Began as a Minotaur Fighter on June 29, 2016.
             Slain by Implojin's ghost (8 damage)
             ... on level 5 of the Dungeon.
             The game lasted 00:06:13 (1447 turns).

Implojin the Cleaver (Minotaur Fighter)             Turns: 1447, Time: 00:06:14

Health: -2/57      AC:  5    Str: 21    XL:     7   Next: 59%
Magic:  6/6        EV:  3    Int:  5    God:
Gold:   3          SH:  9    Dex: 11    Spells: 0 memorised, 6 levels left

rFire  . . .     SeeInvis .     a - +0 war axe
rCold  . . .     Gourm    .     i - +0 ring mail
rNeg   . . .     Faith    .     c - +0 shield
rPois  .         Spirit   .     (helmet restricted)
rElec  .         Dismiss  .     (no cloak)
rCorr  .         Reflect  .     (no gloves)
SustAt .         Harm     .     (no boots)
MR     .....                    (no amulet)
Stlth  +.........               (no ring)
                                (no ring)

@: not resistant to hostile enchantments, very unstealthy
A: retaliatory headbutt, horns 2
a: no special abilities


You were on level 5 of the Dungeon.
You were hungry.

You visited 1 branch of the dungeon, and saw 5 of its levels.

You collected 3 gold pieces.

Inventory:

Hand Weapons
 a - a +0 war axe (weapon)
 q - a +0 war axe
Armour
 b - a +0 scale mail
 c - a +0 shield (worn)
 i - a +0 ring mail (worn)
Scrolls
 e - a scroll of magic mapping {unknown}
 g - a scroll of noise {unknown}
 h - a scroll of fog {unknown}
 l - a scroll of teleportation {unknown}
 m - 2 scrolls of remove curse {unknown}
 r - a scroll of identify {unknown}
 t - a scroll of fear {unknown}
Potions
 p - a potion of ambrosia {unknown}
 s - a potion of curing {unknown}
Comestibles
 f - 2 bread rations


   Skills:
 - Level 3.6 Fighting
 * Level 10.4 Axes
 - Level 3.6 Armour
 - Level 3.6 Shields


You had 6 spell levels left.
You didn't know any spells.

Dungeon Overview and Level Annotations

Branches:
Dungeon (5/15)
 Temple: D:4-7

Altars:
Fedhas
Trog

Shops:
D:5 (

Annotations:
D:5 Implojin's ghost, weakling MiBe


Innate Abilities, Weirdness & Mutations

You reflexively headbutt those who attack you in melee.
You have a pair of horns on your head.


Message History

You closely miss the gnoll.
The gnoll is almost dead.
The gnoll hits you with a spear.
* * * LOW HITPOINT WARNING * * *
You hit the gnoll.
You kill the gnoll!
The sky beast flickers out of sight!
Deactivating autopickup; reactivate with Ctrl-A.
Unknown command.
You miss something. Something hits you but does no damage.
You closely miss something. Something hits you but does no damage.
Your shield prevents you from hitting something.
You headbutt something. You hit something but do no damage.
Your headbutt misses something. Something hits you.
* * * LOW HITPOINT WARNING * * *
Something shocks you.
* * * LOW HITPOINT WARNING * * *
You slash something! You headbutt something. You miss something.
You headbutt something. Something hits you but does no damage.
You miss something.
A sky beast appears from thin air!
Reactivating autopickup.
You block the sky beast's attack.
You slash the sky beast!
You kill the sky beast!
Implojin's ghost (weakling Minotaur Berserker) comes into view.
Implojin's ghost turns its malevolent gaze towards you.
Found 24 bolts.
Drink which item? (? for menu, Esc to quit)
It was a potion of cancellation.
Your magical effects are unravelling.
Your magical contamination has completely faded away.
You feel magically purged.
You feel yourself slow down.
The shadow imp shouts, "Give up, thou defiled shard-borne yak-dropping!"
There is a stone staircase leading down here.
Implojin's ghost screams, "Zot is a myth, the ORB is a fable, you'll soon be a tale!"
Implojin's ghost hits you!
You die...

#.....5##.# #..#.#
##...#.##)# #..#.#
##.##.##5# ##..#.#
#.##5##≈##.##..#..
#..........##..#..
#5##.##.#####.)#..
#g##......8..∩..8.
#W........###.##..
#@......$.........
#..............####.....
############.#.# ###...
#.#.# #.## ..#.# #.##
####.. #... ## #.## .


You could see Implojin's ghost, a gnoll and a shadow imp.

Vanquished Creatures
  The ghost of Pfil the Ruffian, a novice TrTm (D:4)
  A sky beast (D:5)
  A giant frog (D:4)
  A scorpion (D:4)
  A gnoll shaman (D:4)
  2 orc priests (D:4)
  An orc wizard (D:4)
  The ghost of Implojin the Chopper, a weakling MiFi (D:3)
  Robin (D:4)
  6 gnolls
  An adder (D:2)
  A worm (D:3)
  4 giant geckos (D:2)
  7 orcs
  2 giant cockroaches
  15 goblins
  3 hobgoblins
  6 jackals
  4 kobolds
  A quokka (D:2)
  A ball python skeleton (D:4)
  A bat (D:3)
  A giant newt (D:4)
  A jackal skeleton (D:4)
  5 rats
69 creatures vanquished.

Notes
Turn   | Place    | Note
--------------------------------------------------------------
     0 | D:1      | Implojin the Minotaur Fighter began the quest for the Orb.
     0 | D:1      | Reached XP level 1. HP: 19/19 MP: 0/0
    77 | D:1      | Reached skill level 3 in Axes
   102 | D:1      | Reached XP level 2. HP: 25/26 MP: 1/1
   277 | D:2      | Reached skill level 4 in Axes
   310 | D:2      | Reached XP level 3. HP: 29/31 MP: 2/2
   317 | D:2      | Found a bloodstained altar of Trog.
   470 | D:3      | Reached skill level 5 in Axes
   501 | D:3      | Found a faded altar to an unknown god.
   528 | D:3      | Noticed Implojin's ghost (weakling MiFi)
   529 | D:3      | Found a blossoming altar of Fedhas.
   539 | D:3      | Killed Implojin's ghost
   539 | D:3      | Reached XP level 4. HP: 3/39 MP: 3/3
   828 | D:4      | Reached skill level 6 in Axes
   828 | D:4      | Reached XP level 5. HP: 18/45 MP: 4/4
   833 | D:4      | Reached skill level 7 in Axes
  1022 | D:4      | Noticed Robin
  1036 | D:4      | Reached XP level 6. HP: 30/51 MP: 5/5
  1049 | D:4      | Noticed Pfil's ghost (novice TrTm)
  1062 | D:4      | Reached skill level 8 in Axes
  1065 | D:4      | Killed Robin
  1106 | D:4      | Killed Pfil's ghost
  1106 | D:4      | Reached skill level 9 in Axes
  1106 | D:4      | Reached XP level 7. HP: 31/57 MP: 6/6
  1145 | D:4      | Reached skill level 10 in Axes
  1383 | D:5      | Entered Level 5 of the Dungeon
  1393 | D:5      | Found Seuschoa's Antique Weapon Boutique.
  1434 | D:5      | Noticed Implojin's ghost (weakling MiBe)
  1447 | D:5      | Slain by Implojin's ghost

Skill      XL: |  1  2  3  4  5  6  7 |
---------------+----------------------+-----
Axes           | 3 4 5 6 7 9 10 | 10.4
Fighting       | |  3.6
Armour         | |  3.6
Shields        | |  3.6

Action                   |  1- 3 |  4- 6 |  7- 9 || total
-------------------------+-------+-------+-------++-------
Melee: War axe           |    77 |    88 |    31 ||   196
       Headbutt          |    10 |     4 |     6 ||    20
  Use: Potion            |     1 |     5 |     2 ||     8
  Eat: Chunk             |       |       |     2 ||     2
Armor: Scale mail        |    18 |       |       ||    18
       Ring mail         |    24 |    13 |     7 ||    44
       Skin              |       |    26 |       ||    26
Dodge: Dodged            |    41 |    12 |     3 ||    56
Block: Shield            |    61 |    46 |    14 ||   121

Table legend:
 A = Turns spent in this place as a percentage of turns spent in the entire game.
 B = Non-inter-level travel turns spent in this place as a percentage of non-inter-level travel turns spent in the entire game.
 C = Inter-level travel turns spent in this place as a percentage of turns spent in this place.
 D = Turns resting spent in this place as a percentage of non-inter-level travel turns spent in this place.
 E = Turns spent auto-exploring this place as a percentage of non-inter-level travel turns spent in this place.
 F = Non-inter-level travel turns spent in this place divided by the number of levels of this place that you've seen.
                   A       B       C       D       E      F
               +-------+-------+-------+-------+-------+----------------------
         Total | 100.0 | 100.0 |   0.0 |   0.8 |   0.0 | 198.8
       Dungeon | 100.0 | 100.0 |   0.0 |   0.8 |   0.0 | 198.8
               +-------+-------+-------+-------+-------+----------------------

Table legend:
 A = Kills in this place as a percentage of kills in entire the game.
 B = Kills by you in this place as a percentage of kills by you in the entire game.
 C = Kills by friends in this place as a percentage of kills by friends in the entire game.
 D = Other kills in this place as a percentage of other kills in the entire game.
 E = Experience gained in this place as a percentage of experience gained in the entire game.
 F = Experience gained in this place divided by the number of levels of this place that you have seen.
                   A       B       C       D       E      F
               +-------+-------+-------+-------+-------+----------------------
         Total | 100.0 | 100.0 |  -nan |  -nan | 100.0 | 228.4
       Dungeon | 100.0 | 100.0 |  -nan |  -nan | 100.0 | 228.4
               +-------+-------+-------+-------+-------+----------------------
